 Dungeon Crawl Stone Soup version 0.14-a0-3278-gb24e923 (webtiles) character file.

11522 4tharraofdagon the Cleaver (level 11, -10/97 HPs)
             Began as a Ghoul Gladiator on Mar 12, 2014.
             Was an Elder of Makhleb.
             Mangled by a frost giant
             ... wielding a +0,+1 battleaxe of freezing
              (22 damage)
             ... in an ice cave on Mar 13, 2014.
             The game lasted 00:38:52 (5695 turns).

4tharraofdagon the Cleaver (Ghoul Gladiator)        Turns: 5695, Time: 00:38:52

HP -10/97        AC 15     Str 26      XL: 11   Next: 79%
MP  20/20        EV 10     Int 10      God: Makhleb [****..]
Gold 0           SH  0     Dex  9      Spells:  0 memorised, 10 levels left

rFire  + . .     SeeInvis .     Q - +0 battleaxe
rCold  . . .     Clarity  +     m - +2 ring mail
rNeg   + + +     Conserve .     (no shield)
rPois  +         rCorr    .     y - +0 helmet
rElec  .         rRot     +     o - +0 cloak
SustAb . .       Spirit   .     g - +1 pair of gloves
rMut   .         Warding  .     p - +0 pair of boots
Saprov + + +     Stasis   .     B - amulet of clarity
MR     .....                    A - ring of fire
                                x - ring of hunger

@: invisible, mighty, brilliant, very slightly contaminated, rotting, not
resistant to hostile enchantments, extremely unstealthy
A: rotting body, claws 1, carnivore 3, cold resistance 1, life protection 3,
poison resistance, saprovore 3, slow healing 1, torment resistance, unbreathing
a: Minor Destruction, Lesser Servant of Makhleb, Major Destruction, Renounce
Religion


You were in an ice cave.
You worshipped Makhleb.
Makhleb was greatly pleased with you.
You were not hungry.

You visited 3 branches of the dungeon, and saw 13 of its levels.
You also visited: Ice Cave.

Inventory:

Hand weapons
 a - a +0,+1 war axe
 k - a -1,-2 war axe
 q - a cursed -2 blowgun
 Q - a +0,+0 battleaxe (weapon)
 V - a cursed -2 blowgun
Missiles
 O - 3 javelins (quivered)
 W - 5 poisoned needles
Armour
 b - a +0 leather armour
 c - a +0 helmet
 e - a +0 helmet
 g - a +1 pair of gloves (worn)
 h - a +0 plate armour
 m - a +2 ring mail (worn)
 o - a +0 cloak (worn)
 p - a +0 pair of boots (worn)
 y - a +0 helmet (worn)
 E - a -1 chain mail
 M - a troll hide
Magical devices
 r - a wand of paralysis (0)
 w - a wand of fireball (0)
 G - a wand of random effects (8)
 K - a wand of digging (9) {unknown}
 U - a wand of confusion (6)
Comestibles
 H - 2 meat rations
 P - a sausage
 S - 4 chunks of polar bear flesh
Scrolls
 j - a scroll of remove curse
 l - a scroll of fear
 n - a scroll of blinking {unknown}
 v - 2 scrolls of amnesia
 z - a scroll of magic mapping {unknown}
 R - a scroll of enchant weapon I {unknown}
Jewellery
 x - a ring of hunger (left hand)
 A - a ring of fire (right hand)
 B - an amulet of clarity (around neck)
Potions
 f - a potion of agility {unknown}
 i - 2 potions of curing
 s - a potion of poison
 t - a potion of brilliance
 u - a potion of mutation {unknown}
 F - a potion of paralysis {unknown}
 I - a potion of flight {unknown}
 J - a potion of magic {unknown}
 L - a potion of cure mutation
 T - 2 potions of might
 X - a potion of beneficial mutation {unknown}
 Y - a potion of resistance {unknown}
 Z - a potion of confusion {unknown}
Magical staves
 C - an uncursed staff of fire {unknown}
Miscellaneous
 d - a sack of spiders


   Skills:
 + Level 9.2 Fighting
 * Level 10.8 Axes
 - Level 1.7 Throwing
 + Level 7.4 Armour
 - Level 2.6 Dodging
 + Level 7.1 Invocations
 + Level 5.6 Evocations


You had 10 spell levels left.
You didn't know any spells.

Dungeon Overview and Level Annotations

Branches:
Dungeon (11/15)            Temple (1/1) D:4             Orc (1/4) D:11
   Lair: D:8-11

Altars:
Ashenzari
Cheibriados
Elyvilon
Fedhas
Kikubaaqudgha
Makhleb
Nemelex Xobeh
Okawaru
Sif Muna
Trog
Vehumet
Xom
Yredelemnul
Zin
The Shining One

Annotations:
D:7 Blork the orc
D:10 Joseph, Maurice


Innate Abilities, Weirdness & Mutations

Your body is rotting away.
You have sharp fingernails.
You are carnivorous and can eat meat at any time.
Your flesh is cold resistant.
You are immune to negative energy.
Your system is resistant to poisons.
You thrive on rotten meat.
You heal slowly when monsters are visible.
You are immune to unholy pain and torment.
You can survive without breathing.


Message History

Unknown command.
You barely miss the yak. You completely miss the frost giant.
The frost giant is heavily wounded.
The frost giant hits you but does no damage.
The yak closely misses you.
Unknown command.
Unknown command.
You strike the helpless yak from behind!
You hit the yak.
The yak is lightly wounded.
You slash the frost giant!
The frost giant is severely wounded.
The frost giant gestures at you while chanting.
The bolt of cold misses you. The yak gores you but does no damage.
Unknown command.
You barely miss the yak. You barely miss the frost giant.
The frost giant is severely wounded.
You barely miss the yak. The yak misses you.
The frost giant hits you with a battleaxe of freezing!
You die...

# ##...#...## ##
#...#.##..# .#
###.#.≈##..#
.###..%..≈###.##
..###..#≈≈# #..#
..##..##≈≈≈###.#
.....## ≈≈≈#
#.## ....## ≈≈≈#
#..## ...## ≈ ≈#
##Y@# #...# ≈
#CY# #.#.# #..#
##### ##.# #..#
#..# ##.## #..#
##..#


You could see a frost giant and 2 yaks.

Vanquished Creatures
  Pikel (D:6)
  6 polar bears (IceCv)
  A troll (D:9)
  A shadow (D:10)
  A yak (D:9)
  A gargoyle (D:10)
  2 hippogriffs
  A wyvern (D:11)
  8 soldier ants (D:10)
  A necrophage (D:9)
  2 wolves
  A phantom (D:5)
  An ice beast (D:8)
  3 orc warriors
  2 centaurs
  3 ogres
  2 big kobolds
  5 giant frogs
  2 scorpions
  An eye of draining (D:9)
  A killer bee (D:7)
  2 hounds
  6 crimson imps
  Crazy Yiuf (D:2)
  2 centaur skeletons
  A gnoll shaman (D:10)
  3 orc priests
  An orc wizard (D:4)
  An iguana (D:6)
  A killer bee zombie (D:9)
  35 worker ants
  Ijyb (D:2)
  7 gnolls
  7 adders
  An inept feature mimic (D:5)
  A shadow imp (D:7)
  3 giant mites
  4 worms
  A giant eyeball (D:10)
  4 giant geckos
  2 oozes
  23 orcs
  10 bats
  A giant cockroach (D:3)
  15 hobgoblins
  8 jackals
  A quokka (D:9)
  2 giant newts
  6 goblins
  A hobgoblin skeleton (D:7)
  19 kobolds
  6 rats
222 creatures vanquished.

Vanquished Creatures (collateral kills)
  A green death (IceCv)
  Erolcha (Orc:1)
  A skeletal warrior (D:11)
  An ice statue (IceCv)
  A hill giant (D:11)
  A queen ant (D:10)
  A troll (D:11)
  10 polar bears (IceCv)
  A wyvern (D:11)
  2 yaks (IceCv)
  Grum (D:11)
  12 wolves
  5 soldier ants (D:10)
  2 orc warriors (Orc:1)
  2 ice beasts (IceCv)
  An ogre (Orc:1)
  Duvessa (Orc:1)
  Dowan (Orc:1)
  2 orc priests (Orc:1)
  2 orc wizards (Orc:1)
  7 worker ants (D:10)
  A shadow imp (D:11)
  12 white imps (Orc:1)
  8 orcs (Orc:1)
77 creatures vanquished.

Vanquished Creatures (others)
  A balrug (IceCv)
  A cacodemon (IceCv)
  3 orange demons
  A smoke demon (IceCv)
  A ynoxinul (D:10)
  2 neqoxecs
  A spider (D:11)
  An orc priest (D:6)
  A quasit (D:11)
  7 ufetubi (D:10)
  A giant spore (D:7)
20 creatures vanquished.

Grand Total: 319 creatures vanquished

Notes
Turn   | Place    | Note
--------------------------------------------------------------
     0 | D:1      | 4tharraofdagon, the Ghoul Gladiator, began the quest for the Orb.
     0 | D:1      | Reached XP level 1. HP: 17/17 MP: 1/1
   112 | D:1      | Reached XP level 2. HP: 20/25 MP: 2/2
   119 | D:1      | Reached skill level 3 in Axes
   174 | D:2      | Reached skill level 1 in Armour
   287 | D:2      | Found a radiant altar of Vehumet.
   338 | D:2      | Noticed Ijyb
   415 | D:2      | Killed Ijyb
   415 | D:2      | Reached XP level 3. HP: 22/30 MP: 3/3
   437 | D:2      | Noticed Crazy Yiuf
   446 | D:2      | Killed Crazy Yiuf
   446 | D:2      | Reached XP level 4. HP: 29/37 MP: 3/3
   561 | D:3      | Found a shattered altar of Ashenzari.
   725 | D:4      | Reached skill level 4 in Axes
   730 | D:4      | Found a snail-covered altar of Cheibriados.
   762 | D:4      | Found a staircase to the Ecumenical Temple.
   784 | Temple   | Entered the Ecumenical Temple
   812 | Temple   | Became a worshipper of Makhleb the Destroyer
   849 | D:4      | Reached XP level 5. HP: 45/45 MP: 4/4
  1050 | D:5      | Entered Level 5 of the Dungeon
  1072 | D:5      | Acquired Makhleb's first power
  1188 | D:5      | Noticed a phantom
  1261 | D:5      | Killed a phantom
  1261 | D:5      | Reached XP level 6. HP: 4/51 MP: 5/5
  1464 | D:5      | Found a staircase to the Ecumenical Temple.
  1470 | D:5      | the staircase to the Ecumenical Temple was a mimic.
  1556 | D:5      | Reached skill level 5 in Axes
  1735 | D:7      | Reached XP level 7. HP: 27/58 MP: 5/5
  1986 | D:6      | Noticed Pikel
  2006 | D:6      | Killed Pikel
  2006 | D:6      | Reached skill level 5 in Fighting
  2006 | D:6      | Reached skill level 6 in Axes
  2006 | D:6      | Reached XP level 8. HP: 63/68 MP: 6/6
  2172 | D:7      | Acquired Makhleb's second power
  2211 | D:7      | Noticed Blork the orc
  2257 | D:8      | Reached skill level 7 in Axes
  2661 | D:6      | Found a glowing silver altar of Zin.
  2679 | D:6      | Reached skill level 1 in Invocations
  3037 | D:9      | Reached XP level 9. HP: 41/74 MP: 8/10
  3039 | D:9      | Acquired Makhleb's third power
  3089 | D:9      | Reached skill level 8 in Axes
  3119 | D:9      | Noticed a troll
  3128 | D:9      | Killed a troll
  3128 | D:9      | Reached skill level 5 in Armour
  3324 | D:9      | Reached skill level 1 in Evocations
  3335 | D:9      | Got a smoking cutlass
  3587 | D:10     | Entered Level 10 of the Dungeon
  3620 | D:10     | Acquired Makhleb's fourth power
  3694 | D:10     | Noticed a queen ant
  3764 | D:10     | Killed a queen ant
  3766 | D:10     | Reached skill level 9 in Axes
  3766 | D:10     | Reached XP level 10. HP: 22/85 MP: 13/14
  3904 | D:10     | Reached skill level 5 in Invocations
  4226 | D:10     | Noticed Maurice
  4273 | D:10     | HP: 2/88 [Maurice/runed short sword (7)]
  4467 | D:10     | Noticed Joseph
  4588 | D:11     | Noticed Grum
  4606 | D:11     | Killed Grum
  4683 | D:11     | Noticed a hill giant
  4698 | D:11     | Killed a hill giant
  4848 | D:11     | Found a snail-covered altar of Cheibriados.
  4972 | D:11     | Found a staircase to the Orcish Mines.
  4998 | D:11     | Acquired Makhleb's fifth power
  5000 | D:11     | Reached XP level 11. HP: 90/95 MP: 19/19
  5103 | D:10     | Noticed a skeletal warrior
  5103 | D:10     | Noticed a skeletal warrior
  5104 | D:10     | Noticed a skeletal warrior
  5104 | D:10     | Noticed a skeletal warrior
  5193 | D:11     | Killed a skeletal warrior
  5193 | D:11     | Reached skill level 10 in Axes
  5233 | Orc:1    | Entered Level 1 of the Orcish Mines
  5253 | Orc:1    | Noticed Duvessa
  5255 | Orc:1    | Noticed Dowan
  5257 | Orc:1    | Killed Duvessa
  5265 | Orc:1    | Killed Dowan
  5299 | Orc:1    | Noticed Erolcha
  5304 | Orc:1    | Killed Erolcha
  5323 | Orc:1    | Found a frozen archway.
  5332 | IceCv    | Entered an ice cave
  5373 | IceCv    | Reached skill level 5 in Evocations
  5394 | IceCv    | Noticed an ice statue
  5529 | IceCv    | Killed an ice statue
  5657 | IceCv    | Noticed a frost giant
  5667 | IceCv    | Noticed a green death
  5673 | IceCv    | Killed a green death
  5695 | IceCv    | Mangled by a frost giant

Action                   |  1- 3 |  4- 6 |  7- 9 | 10-12 || total
-------------------------+-------+-------+-------+-------++-------
Melee: War axe           |    74 |   201 |   460 |   334 ||  1069
       Battleaxe         |       |       |       |    81 ||    81
Throw: Throwing net      |     5 |       |     5 |       ||    10
Invok: Lesser Servant of |       |       |     1 |     9 ||    10
       Greater Servant o |       |       |       |     5 ||     5
Evoke: Wand              |       |       |    23 |     3 ||    26
       Sack of spiders   |       |       |       |     1 ||     1
  Use: Scroll            |       |     5 |    12 |     3 ||    20
       Potion            |       |       |     1 |     7 ||     8
 Stab: Held in net/web   |       |       |     3 |       ||     3
       Invisible         |       |       |     1 |     1 ||     2
       Paralysed         |       |       |     5 |       ||     5
       Distracted        |       |       |       |     4 ||     4
       Confused          |       |       |       |     1 ||     1
